 Dungeon Crawl Stone Soup version 0.27.1-33-g824d729ab1 (webtiles) character file.

Game seed: 4043275756641999211

165 DemonSlayer the Skirmisher (level 5, 0/42 HPs)
             Began as a Demonspawn Berserker on Dec 9, 2021.
             Was a Believer of Trog.
             Slain by a centaur skeleton (2 damage)
             ... on level 4 of the Dungeon.
             The game lasted 00:03:46 (1537 turns).

DemonSlayer the Skirmisher (Demonspawn Berserker)   Turns: 1537, Time: 00:03:47

Health: 0/42       AC:  7    Str: 18    XL:     5   Next: 21%
Magic:  5/5        EV: 11    Int:  9    God:    Trog [**....]
Gold:   58         SH:  4    Dex: 18    Spells: 4/4 levels left

rFire    . . .     SeeInvis .   j - +0 war axe
rCold    . . .     Faith    .   (no shield)
rNeg     . . .     Spirit   .   i - +0 ring mail
rPois    .         Reflect  .   (no helmet)
rElec    .         Harm     .   (no cloak)
rCorr    .         Rampage  .   (no gloves)
Will     .....                  (no boots)
Stlth    +.........             (no amulet)
HPRegen  0.14/turn              a - +6 ring of dexterity
MPRegen  0.09/turn              (no ring)

@: no status effects
A: hooves 1, slimy green scales 1, foul stench 1, condensation shield
a: Renounce Religion, Berserk, Trog's Hand


You were on level 4 of the Dungeon.
You worshipped Trog.
Trog was pleased with you.
You visited 1 branch of the dungeon, and saw 3 of its levels.

You collected 58 gold pieces.

Inventory:

Hand Weapons
 j - a +0 war axe (weapon)
Missiles
 g - 16 poisoned darts (quivered)
Armour
 i - a +0 ring mail (worn)
Jewellery
 a - a +6 ring of dexterity (left hand)
Scrolls
 c - a scroll of blinking {unknown}
 d - a scroll of fear {unknown}
 f - a scroll of brand weapon {unknown}
 h - a scroll of identify {unknown}
Potions
 e - a potion of berserk rage {unknown}


   Skills:
 + Level 4.1 Fighting
 + Level 4.1 Axes
 + Level 2.0 Armour
 + Level 2.2 Dodging
 + Level 1.0 Stealth


You had 4 spell levels left.
You didn't know any spells.
Your spell library was empty.

Dungeon Overview and Level Annotations

Branches:
Dungeon (4/15)
 Temple: D:4-7

Altars:


Innate Abilities, Weirdness & Mutations

You have large cloven feet.
You are partially covered in slimy green scales. (AC +2)
You may rarely emit foul miasma when damaged in melee.
A meltable shield of frost defends you. (SH +4)


Message History

The ogre is engulfed in dark miasma.
The ogre is poisoned.
You kill the ogre!
Trog accepts your kill.
Your Fighting skill increases to level 4!
Your Axes skill increases to level 4!
Your Armour skill increases to level 2!
Your Stealth skill increases to level 1!
You have reached level 5!
Your demonic ancestry asserts itself...
Frost condenses into a shield before you.
A dart slug comes into view.
Things that are here:
a +0 giant club; an ogre corpse A centaur skeleton comes into view.
The dart slug launches a dart at you. The slug dart misses you.
The dart slug misses you.
You hit the centaur skeleton.
The centaur skeleton is lightly damaged.
You slash the dart slug! The centaur skeleton hits you.
* * * LOW HITPOINT WARNING * * *
The centaur skeleton kicks you but does no damage.
The dart slug launches a dart at you. The slug dart hits you.
* * * LOW HITPOINT WARNING * * *
The centaur skeleton closely misses you.
The centaur skeleton kicks you but does no damage.
You slash the centaur skeleton!
The centaur skeleton is moderately damaged.
You hit the dart slug.
You kill the dart slug!
Trog accepts your kill.
The centaur skeleton hits you but does no damage.
The centaur skeleton kicks you.
* * * LOW HITPOINT WARNING * * *
You emit a cloud of foul miasma!
You slash the centaur skeleton!
You kick the centaur skeleton, but do no damage.
The centaur skeleton is almost destroyed.
The centaur skeleton hits you.
You die...

#.# # . ... # . ##.# #
##. .#[########## ##..#
#.#.#.......## #....#
##..#.#.#####.#
......###..##.....# #.#
.......#..##<...#.###.##
......Z@..)...........[.
......†.####....#.###.##
.......## ##.#.......#
#.....# #####.#####
##...# #.# ##+# ..# ###


You could see a centaur skeleton.

Vanquished Creatures
  An ogre (D:4)
  2 hound skeletons (D:4)
  An adder (D:4)
  3 dart slugs
  An orc (D:4)
  4 endoplasms (D:1)
  2 giant cockroaches
  4 goblins
  5 hobgoblins
  A quokka (D:1)
  2 ball pythons (D:1)
  6 bats
  2 frilled lizards
  4 kobolds
  A rat (D:2)
39 creatures vanquished.

Notes
Turn   | Place    | Note
-------+----------+-------------------------------------------
     0 | D:1      | DemonSlayer the Demonspawn Berserker began the quest for
                  | the Orb.
     0 | D:1      | Reached XP level 1. HP: 18/18 MP: 1/1
   211 | D:1      | Gained mutation: You have large cloven feet. [demonic
                  | ancestry]
   211 | D:1      | Reached XP level 2. HP: 7/24 MP: 2/2
   744 | D:1      | Found a faded altar of an unknown god.
   848 | D:1      | Gained mutation: You may rarely emit foul miasma when
                  | damaged in melee. [demonic ancestry]
   848 | D:1      | Reached XP level 3. HP: 22/29 MP: 3/3
  1181 | D:2      | Reached ** piety under Trog
  1281 | D:2      | You fall into a shaft and drop 2 floors!
  1418 | D:4      | Gained mutation: You are partially covered in slimy green
                  | scales. (AC +2) [demonic ancestry]
  1418 | D:4      | Reached XP level 4. HP: 21/37 MP: 4/4
  1477 | D:4      | Noticed a two-headed ogre
  1477 | D:4      | Noticed a kobold brigand
  1522 | D:4      | Noticed an ogre
  1530 | D:4      | Killed an ogre
  1531 | D:4      | Reached skill level 1 in Stealth
  1531 | D:4      | Gained mutation: A meltable shield of frost defends you.
                  | (SH +4) [demonic ancestry]
  1531 | D:4      | Reached XP level 5. HP: 9/42 MP: 5/5
  1536 | D:4      | HP: 2/42 [centaur skeleton (2)]
  1537 | D:4      | Slain by a centaur skeleton

Illustrated notes

Levels and vault maps discovered:
D:1:      minmay_arrival_open_corners, layout_basic,
          ebering_ecumenical_altar_sacrificial, st_stairs_1,
          columned_hall_lemuel
D:2:      layout_basic, uniq_terence
D:4:      minmay_spotlight, layout_loops_corners, enter_ossuary_5,
          lightli_corner_chamber, uniq_ijyb, uniq_edmund

Skill      XL: |  1  2  3  4 |
---------------+-------------+-----
Axes           | 3 4 |  4.1
Dodging        | 2 |  2.2
Fighting       | 4 |  4.1
Armour         | 2 |  2.0
Stealth        | 1 |  1.0

Action                   |  1- 3 |  4- 6 || total
-------------------------+-------+-------++-------
Melee: Hand axe          |    58 |       ||    58
       Kick              |    14 |     4 ||    18
       War axe           |    10 |     9 ||    19
Throw: Dart              |     2 |       ||     2
Invok: Berserk           |     1 |       ||     1
 Stab: Sleeping          |     2 |       ||     2
Armor: Animal skin       |    10 |       ||    10
       Ring mail         |     6 |     4 ||    10
Dodge: Dodged            |    51 |     5 ||    56
